 Dungeon Crawl Stone Soup version bcrawl-1.40.1 (webtiles) character file.

Game seed: 8279938418056020434

140412 zoran the Ducker (level 4, 0/36 HPs)
             Began as a Djinni Archaeologist on Oct 29, 2023.
             Slain by a hound (3 damage)
             ... on level 4 of the Dungeon.
             The game lasted 00:04:41 (1661 turns).

zoran the Ducker (Djinni Archaeologist)             Turns: 1661, Time: 00:04:42

Health: 0/36       AC:  4    Str: 13    XL:     4   Next: 27%
Magic:  4/4        EV: 13    Int: 18    God:
Gold:   152        SH:  0    Dex:  9    Spells: 2/3 levels left

rFire    . . .     GDR:     21% a - +0 whip
rCold    . . .     SeeInvis .   (no shield)
rNeg     . . .     Gourm    .   c - +1 robe
rPois    .         Faith    .   d - +1 hat
rElec    .         Spirit   .   (no cloak)
rCorr    .         Reflect  .   (no gloves)
MR       .....     Rnd*Rage +   (boots unavailable)
Stlth    ++........             (no amulet)
HPRegen  0.16/turn              (no ring)
MPRegen  0.09/turn              (no ring)

@: swift, berserk cooldown, flying, very slightly contaminated, quick
A: never pass out, berserk 2, blink, blurry vision 2, wild magic 2, MP-powered
wands, floating
a: Blink


You were on level 4 of the Dungeon.
You were hungry.

You visited 1 branch of the dungeon, and saw 4 of its levels.

You collected 152 gold pieces.

Inventory:

Hand Weapons
 a - a +0 whip (weapon)
 b - a +1 blowgun
Missiles
 f - 3 curare-tipped needles
 p - 168 sling bullets
Armour
 c - a +1 robe (worn)
 d - a +1 hat (worn)
 l - a +0 scale mail
 u - a +1 robe
Jewellery
 q - an uncursed ring of insulation {unknown}
Scrolls
 g - 2 scrolls of revelation
 k - 3 scrolls of enchant armour
 o - a scroll of noise
Potions
 v - 2 potions of magic
Miscellaneous
 h - a dusty tome
Comestibles
 e - 6 rations {!d}


   Skills:
 + Level 2.0 Fighting
 - Level 2.0 Maces & Flails
 + Level 4.0 Dodging
 - Level 3.0 Stealth
 * Level 0.0 Hexes
 + Level 0.0 Evocations


You had 2 spell levels left.
You knew the following spells:

 Your Spells              Type           Power        Failure   Level  Hunger
z - Slow                  Hex            #.......     38%         1    None

Your spell library contained the following spells:

 Spells                   Type           Power        Failure   Level  Hunger
 Apportation              Tloc           #.....       38%         1    None
 Corona                   Hex            #......      38%         1    None
 Infusion                 Chrm           #.......     38%         1    None
 Sandblast                Erth           #.....       38%         1    None
 Summon Butterflies       Summ           #.......     38%         1    None


Dungeon Overview and Level Annotations

Branches:
Dungeon (4/12)
 Temple: D:4-7

Altars:


Innate Abilities, Weirdness & Mutations

You never pass out after going berserk.
You often lose your temper in combat.
You can translocate small distances at will.
Scrolls take you longer to read.
Your spells are harder to cast, but more powerful.
You expend magic power (3 MP) to strengthen your wands.
Your body floats in the air.


Message History

There is a stone staircase leading down here.
You fly downwards.
You hear the hiss of flowing sand.
There is an entrance to an ossuary on this level.
Hurry and find it before the portal is buried!
A rune on the stairs sparks and fizzles.
A hound comes into view.
There is a stone staircase leading up here.
The helpless hound fails to defend itself.
You hit the hound.
The hound is moderately wounded.
The hound bites you but does no damage.
You closely miss the hound.
The hound is moderately wounded.
You flicker back into view.
The hound misses you. The hound bites you.
* * * LOW HITPOINT WARNING * * *
You closely miss the hound.
The hound is moderately wounded.
The hound bites you.
You die...

... #.. #.#
..#######
#........
#........
#######........
.......@h....[.
#####..........
....#........
######........
#........
########.


You could see a hound.

Vanquished Creatures
  A hound (D:3)
  3 worms
  2 dart slugs
  5 leopard geckos
  2 orcs (D:3)
  2 ball pythons
  2 bats
  2 giant cockroaches (D:1)
  3 goblins (D:1)
  4 hobgoblins (D:2)
  4 kobolds
  2 frilled lizards
  7 rats
39 creatures vanquished.

Notes
Turn   | Place    | Note
-------+----------+-------------------------------------------
     0 | D:1      | zoran the Djinni Archaeologist began the quest for the Orb.
     0 | D:1      | Reached XP level 1. HP: 16/16 MP: 1/1
    79 | D:1      | Reached XP level 2. HP: 23/23 MP: 2/2
   512 | D:1      | Reached XP level 3. HP: 29/29 MP: 3/3
   966 | D:2      | Learned a level 1 spell: Slow
  1598 | D:3      | Gained mutation: Your spells are harder to cast, but more
                  | powerful. [Djinni growth]
  1598 | D:3      | Gained mutation: You can translocate small distances at
                  | will. [Djinni growth]
  1598 | D:3      | Reached XP level 4. HP: 25/36 MP: 4/4
  1603 | D:3      | Reached skill level 4 in Dodging
  1661 | D:4      | Slain by a hound

Skill      XL: |  1  2  3  4 |
---------------+-------------+-----
Fighting       | 2 |  2.0
Maces & Flails | 2 |  2.0
Stealth        | 3 |  3.0
Dodging        | 4 |  4.0

Action                   |  1- 3 |  4- 6 || total
-------------------------+-------+-------++-------
Melee: Whip              |   184 |    21 ||   205
 Fire: Blowgun           |     3 |       ||     3
 Cast: Slow              |     3 |     1 ||     4
  Use: Scroll            |     4 |     5 ||     9
       Potion            |       |     3 ||     3
 Stab: Sleeping          |     3 |     1 ||     4
       Fleeing           |     1 |       ||     1
       Invisible         |       |     1 ||     1
  Eat: Chunk             |     7 |       ||     7
Armor: Robe              |    61 |    11 ||    72
Dodge: Dodged            |   119 |    55 ||   174
